TOP OF THE 1ST |
Norfolk Tides batting - Pitching for Rochester Red Wings : LHP Brian Walters
|
Pitching: LHP Brian Walters
|
|
Batting: RHB Danny Baeza
|
0-0: Called Strike 0-1: Foul Ball, location: 2F 0-2: Ground out U3 (Groundball, 34, EV 110.6 MPH)
|
Batting: SHB Brian Bentz
|
0-0: Called Strike 0-1: Ball 1-1: Swinging Strike 1-2: Ball 2-2: Foul Ball, location: 2F 2-2: Ball 3-2: Ground out 4-3 (Groundball, 4, EV 87.5 MPH)
|
Batting: RHB Bobby Scholl
|
0-0: Ball 1-0: DOUBLE (Groundball, 5L, EV 101.9 MPH)
|
Batting: RHB Kory Sanchez
|
0-0: Ball 1-0: Called Strike 1-1: Foul Ball, location: 2F 1-2: Ball 2-2: Ground out 4-3 (Groundball, 4, EV 105.0 MPH)
|
Top of the 1st over - 0 runs, 1 hit, 0 errors, 1 left on base; Norfolk 0 - Rochester 0 |
BOTTOM OF THE 1ST |
Rochester Red Wings batting - Pitching for Norfolk Tides : LHP Joel Beery
|
Pitching: LHP Joel Beery
|
|
Batting: RHB Joe Young
|
0-0: Bunt for hit to P - play at first, batter OUT! 1-3
|
Batting: SHB Ian Thompson
|
0-0: Ground out 6-3 (Groundball, 6, EV 98.8 MPH)
|
Batting: LHB Chaim Huting
|
0-0: Swinging Strike 0-1: Called Strike 0-2: Ball 1-2: Strikes out looking
|
Bottom of the 1st over - 0 runs, 0 hits, 0 errors, 0 left on base; Norfolk 0 - Rochester 0 |
TOP OF THE 2ND |
Norfolk Tides batting - Pitching for Rochester Red Wings : LHP Brian Walters
|
Batting: RHB Bobby Melillo
|
0-0: Called Strike 0-1: Fly out, F9 (Line Drive, 9LM, EV 91.9 MPH)
|
Batting: RHB Edgar Franco
|
0-0: Called Strike 0-1: Called Strike 0-2: Foul Ball, location: 2F 0-2: Ball 1-2: Strikes out swinging
|
Batting: LHB Pat Shaddock
|
0-0: Ball 1-0: Ball 2-0: Called Strike 2-1: Ball 3-1: Base on Balls
|
Batting: LHB Tyler Allen
|
0-0: Called Strike 0-1: Foul Ball, location: 2F 0-2: Foul Ball, location: 2F 0-2: Ball 1-2: Ball 2-2: Ball 3-2: Foul Ball, location: 2F 3-2: Base on Balls Pat Shaddock to second
|
Batting: LHB James Betron
|
0-0: Called Strike 0-1: Ball 1-1: Ball 2-1: Ball 3-1: Foul Ball, location: 2F 3-2: Foul Ball, location: 2F 3-2: Foul Ball, location: 2F 3-2: Foul Ball, location: 2F 3-2: Strikes out swinging
|
Top of the 2nd over - 0 runs, 0 hits, 0 errors, 2 left on base; Norfolk 0 - Rochester 0 |
BOTTOM OF THE 2ND |
Rochester Red Wings batting - Pitching for Norfolk Tides : LHP Joel Beery
|
Batting: SHB Dan Morataya
|
0-0: Ball 1-0: Ball 2-0: Ball 3-0: Foul Ball, location: 2F 3-1: Base on Balls
|
Batting: LHB Chris Munguia
|
0-0: TRIPLE (Flyball, 78XD, EV 105.6 MPH) Dan Morataya scores
|
Batting: RHB Mike Craver
|
0-0: Ball 1-0: Ball 2-0: Foul Ball, location: 2F 2-1: Foul Ball, location: 2F 2-2: Ground out 5-3 (Groundball, 5, EV 89.4 MPH)
|
Batting: SHB Manny Molina
|
0-0: Foul Ball, location: 2F 0-1: Foul Ball, location: 2F 0-2: Ball 1-2: Strikes out swinging
|
Batting: RHB Ryan Gautney
|
0-0: Ball 1-0: Called Strike 1-1: Ground out 5-3 (Groundball, 15, EV 77.5 MPH)
|
Bottom of the 2nd over - 1 run, 1 hit, 0 errors, 1 left on base; Norfolk 0 - Rochester 1 |
TOP OF THE 3RD |
Norfolk Tides batting - Pitching for Rochester Red Wings : LHP Brian Walters
|
Batting: RHB Danny Baeza
|
0-0: Foul Ball, location: 2F 0-1: Called Strike 0-2: Strikes out swinging
|
Batting: SHB Brian Bentz
|
0-0: Ball 1-0: Foul Ball, location: 2F 1-1: SINGLE (Groundball, 56D, EV 105.6 MPH)
|
Batting: RHB Bobby Scholl
|
0-0: Ball 1-0: Swinging Strike 1-1: Ball 2-1: Ball 3-1: Base on Balls Brian Bentz to second
|
Batting: RHB Kory Sanchez
|
0-0: Ball 1-0: Ball 2-0: Foul Ball, location: 2F 2-1: TRIPLE (Line Drive, 8LXD, EV 101.2 MPH) Brian Bentz scores Bobby Scholl scores
|
Batting: RHB Bobby Melillo
|
0-0: Ball 1-0: Foul Ball, location: 2F 1-1: Ball 2-1: Called Strike 2-2: Ball 3-2: Foul Ball, location: 2F 3-2: Strikes out swinging
|
Batting: RHB Edgar Franco
|
0-0: Ball 1-0: Swinging Strike 1-1: Ball 2-1: Ball 3-1: Foul Ball, location: 2F 3-2: Foul Ball, location: 2F 3-2: Strikes out swinging
|
Top of the 3rd over - 2 runs, 2 hits, 0 errors, 1 left on base; Norfolk 2 - Rochester 1 |
BOTTOM OF THE 3RD |
Rochester Red Wings batting - Pitching for Norfolk Tides : LHP Joel Beery
|
Batting: RHB Dan Grable
|
0-0: Called Strike 0-1: Ground out 4-3 (Groundball, 4, EV 102.5 MPH)
|
Batting: RHB Joe Young
|
0-0: Swinging Strike 0-1: Called Strike 0-2: Ground out 6-3 (Groundball, 6, EV 86.2 MPH)
|
Batting: SHB Ian Thompson
|
0-0: Ball 1-0: Ball 2-0: Ball 3-0: Called Strike 3-1: Base on Balls
|
Batting: LHB Chaim Huting
|
0-0: Foul Ball, location: 2F 0-1: Ball 1-1: Foul Ball, location: 2F 1-2: Ball 2-2: Ball 3-2: Ground out U3 (Groundball, 34S, EV 90.6 MPH)
|
Bottom of the 3rd over - 0 runs, 0 hits, 0 errors, 1 left on base; Norfolk 2 - Rochester 1 |
TOP OF THE 4TH |
Norfolk Tides batting - Pitching for Rochester Red Wings : LHP Brian Walters
|
Batting: LHB Pat Shaddock
|
0-0: Called Strike 0-1: Ball 1-1: Ball 2-1: Swinging Strike 2-2: Strikes out looking
|
Batting: LHB Tyler Allen
|
0-0: Ball 1-0: Called Strike 1-1: Called Strike 1-2: Ball 2-2: Strikes out swinging
|
Batting: LHB James Betron
|
0-0: Swinging Strike 0-1: Ball 1-1: Swinging Strike 1-2: Foul Ball, location: 2F 1-2: Ball 2-2: Foul Ball, location: 2F 2-2: Strikes out swinging
|
Top of the 4th over - 0 runs, 0 hits, 0 errors, 0 left on base; Norfolk 2 - Rochester 1 |
BOTTOM OF THE 4TH |
Rochester Red Wings batting - Pitching for Norfolk Tides : LHP Joel Beery
|
Batting: SHB Dan Morataya
|
0-0: Ball 1-0: Foul Ball, location: 2F 1-1: Ball 2-1: Foul Ball, location: 2F 2-2: Foul Ball, location: 2F 2-2: Ground out 6-3 (Groundball, 6D, EV 80.0 MPH)
|
Batting: LHB Chris Munguia
|
0-0: Ground out U3 (Groundball, 3, EV 104.4 MPH)
|
Batting: RHB Mike Craver
|
0-0: Ball 1-0: Called Strike 1-1: Called Strike 1-2: Strikes out looking
|
Bottom of the 4th over - 0 runs, 0 hits, 0 errors, 0 left on base; Norfolk 2 - Rochester 1 |
TOP OF THE 5TH |
Norfolk Tides batting - Pitching for Rochester Red Wings : LHP Brian Walters
|
Batting: RHB Danny Baeza
|
0-0: Ball 1-0: Ball 2-0: Ball 3-0: Base on Balls
|
Batting: SHB Brian Bentz
|
0-0: Called Strike 0-1: Fielders Choice at 2nd, 6-4 (Groundball, 6, EV 78.1 MPH)
|
Batting: RHB Bobby Scholl
|
0-0: Fly out, F9 (Flyball, 89S, EV 91.9 MPH)
|
Batting: RHB Kory Sanchez
|
0-0: Swinging Strike 0-1: Ball 1-1: Ball 2-1: Swinging Strike 2-2: Strikes out swinging
|
Top of the 5th over - 0 runs, 0 hits, 0 errors, 1 left on base; Norfolk 2 - Rochester 1 |
BOTTOM OF THE 5TH |
Rochester Red Wings batting - Pitching for Norfolk Tides : LHP Joel Beery
|
Batting: SHB Manny Molina
|
0-0: Ball 1-0: Called Strike 1-1: Fly out, F7 (Flyball, 7S, EV 73.8 MPH)
|
Batting: RHB Ryan Gautney
|
0-0: Foul Ball, location: 2F 0-1: Ball 1-1: Called Strike 1-2: Ball 2-2: DOUBLE (Line Drive, 89D, EV 110.6 MPH)
|
Batting: RHB Dan Grable
|
0-0: Ball 1-0: Swinging Strike 1-1: Ground out 4-3 (Groundball, 34, EV 98.8 MPH) Ryan Gautney to third
|
Batting: RHB Joe Young
|
0-0: Ball 1-0: Foul Ball, location: 2F 1-1: Foul Ball, location: 2F 1-2: Fly out, F3 (Line Drive, 3, EV 66.2 MPH)
|
Bottom of the 5th over - 0 runs, 1 hit, 0 errors, 1 left on base; Norfolk 2 - Rochester 1 |
TOP OF THE 6TH |
Norfolk Tides batting - Pitching for Rochester Red Wings : LHP Brian Walters
|
Pitching: RHP Ryan Graham
|
|
Batting: RHB Bobby Melillo
|
0-0: Ball 1-0: Ground out U3 (Groundball, 34, EV 88.8 MPH)
|
Batting: RHB Edgar Franco
|
0-0: Called Strike 0-1: Foul Ball, location: 2F 0-2: Fly out, F9 (Flyball, 9LD, EV 104.4 MPH)
|
Batting: LHB Pat Shaddock
|
0-0: Called Strike 0-1: Ball 1-1: Called Strike 1-2: Strikes out swinging
|
Top of the 6th over - 0 runs, 0 hits, 0 errors, 0 left on base; Norfolk 2 - Rochester 1 |
BOTTOM OF THE 6TH |
Rochester Red Wings batting - Pitching for Norfolk Tides : LHP Joel Beery
|
Batting: SHB Ian Thompson
|
0-0: Ball 1-0: Ball 2-0: Ball 3-0: Called Strike 3-1: Fly out, F3 (Popup, 3, EV 65.0 MPH)
|
Batting: LHB Chaim Huting
|
0-0: Called Strike 0-1: Foul Ball, location: 2F 0-2: Ball 1-2: Ground out 4-3 (Groundball, 4, EV 101.9 MPH)
|
Batting: SHB Dan Morataya
|
0-0: Ball 1-0: Called Strike 1-1: Foul Ball, location: 2F 1-2: Ball 2-2: Ground out 6-3 (Groundball, 6, EV 85.6 MPH)
|
Bottom of the 6th over - 0 runs, 0 hits, 0 errors, 0 left on base; Norfolk 2 - Rochester 1 |
TOP OF THE 7TH |
Norfolk Tides batting - Pitching for Rochester Red Wings : RHP Ryan Graham
|
Batting: LHB Tyler Allen
|
0-0: Ball 1-0: Ball 2-0: Swinging Strike 2-1: Called Strike 2-2: Foul Ball, location: 2F 2-2: Ball 3-2: SINGLE (Groundball, 34D, EV 108.1 MPH) (infield hit)
|
Batting: LHB James Betron
|
0-0: Sac Bunt to 13 - play at first, batter OUT! 1-3 Tyler Allen to second
|
Pinch Hitting: LHB Wes Goscinski
|
0-0: Ball 1-0: Ball 2-0: Ball 3-0: Base on Balls
|
Batting: SHB Brian Bentz
|
0-0: Ball 1-0: Ball 2-0: Ground out U3 (Groundball, 3L, EV 81.9 MPH) Tyler Allen to third Wes Goscinski to second
|
Batting: RHB Bobby Scholl
|
0-0: Called Strike 0-1: Called Strike 0-2: Ball 1-2: Ball 2-2: Ball 3-2: DOUBLE (Groundball, 5L, EV 103.8 MPH) Tyler Allen scores Wes Goscinski scores
|
Batting: RHB Kory Sanchez
|
0-0: Called Strike 0-1: Ball 1-1: Swinging Strike 1-2: Ball 2-2: Ball 3-2: Foul Ball, location: 2F 3-2: Foul Ball, location: 2F 3-2: Base on Balls
|
Pitching: RHP Alex Rushton
|
|
Batting: RHB Bobby Melillo
|
0-0: Swinging Strike 0-1: Ball 1-1: Foul Ball, location: 2F 1-2: Strikes out swinging
|
Top of the 7th over - 2 runs, 2 hits, 0 errors, 2 left on base; Norfolk 4 - Rochester 1 |
BOTTOM OF THE 7TH |
Rochester Red Wings batting - Pitching for Norfolk Tides : LHP Joel Beery
|
Now at 2B: Bobby Melillo
|
|
Now at 3B: Andy Bridger
|
|
Batting: LHB Chris Munguia
|
0-0: Ball 1-0: SINGLE (Groundball, 34D, EV 100.0 MPH)
|
Batting: RHB Mike Craver
|
0-0: Called Strike Chris Munguia steals 2nd base 0-1: Ball 1-1: Fly out, F9 (Flyball, 89S, EV 90.0 MPH)
|
Batting: SHB Manny Molina
|
0-0: Ball 1-0: Foul Ball, location: 2F 1-1: Fly out, F8 (Flyball, 78XD, EV 101.9 MPH) Runner from 2nd tags up, SAFE at 3rd, no throw by CF
|
Batting: RHB Ryan Gautney
|
0-0: Called Strike 0-1: Ball 1-1: Ground out 4-3 (Groundball, 4M, EV 90.0 MPH)
|
Bottom of the 7th over - 0 runs, 1 hit, 0 errors, 1 left on base; Norfolk 4 - Rochester 1 |
TOP OF THE 8TH |
Norfolk Tides batting - Pitching for Rochester Red Wings : RHP Alex Rushton
|
Batting: RHB Edgar Franco
|
0-0: Ball 1-0: Foul Ball, location: 2F 1-1: Ball 2-1: Called Strike 2-2: Fly out, F9 (Line Drive, 9, EV 105.6 MPH)
|
Batting: LHB Pat Shaddock
|
0-0: Ball 1-0: Ball 2-0: Ground out 5-3 (Groundball, 56S, EV 83.8 MPH)
|
Batting: LHB Tyler Allen
|
0-0: SINGLE (Groundball, 34D, EV 99.4 MPH)
|
Batting: LHB James Betron
|
0-0: Ball 1-0: Ball Tyler Allen steals 2nd base 2-0: Called Strike 2-1: SINGLE (Line Drive, 7S, EV 105.6 MPH) Tyler Allen to third
|
Batting: RHB Andy Bridger
|
0-0: Ball 1-0: Swinging Strike 1-1: Ball 2-1: Fly out, F7 (Flyball, 78M, EV 86.9 MPH)
|
Top of the 8th over - 0 runs, 2 hits, 0 errors, 2 left on base; Norfolk 4 - Rochester 1 |
BOTTOM OF THE 8TH |
Rochester Red Wings batting - Pitching for Norfolk Tides : LHP Joel Beery
|
Batting: RHB Dan Grable
|
0-0: Called Strike 0-1: Ground out 4-3 (Groundball, 34, EV 83.1 MPH)
|
Batting: RHB Joe Young
|
0-0: Called Strike 0-1: Ball 1-1: Ball 2-1: Foul Ball, location: 2F 2-2: SINGLE (Groundball, 4M, EV 83.8 MPH) (infield hit)
|
Batting: SHB Ian Thompson
|
0-0: Foul Ball, location: 2F 0-1: Ball 1-1: Ball 2-1: Called Strike 2-2: Foul Ball, location: 2F 2-2: Fielders Choice at 2nd, 1-4 (Groundball, P, EV 67.5 MPH)
|
Pitching: LHP Eric Bice
|
|
Batting: LHB Chaim Huting
|
0-0: Ball 1-0: Foul Ball, location: 2F 1-1: Ball 2-1: Ball 3-1: Called Strike 3-2: Foul Ball, location: 2F 3-2: Foul Ball, location: 2F 3-2: Strikes out swinging
|
Bottom of the 8th over - 0 runs, 1 hit, 0 errors, 1 left on base; Norfolk 4 - Rochester 1 |
TOP OF THE 9TH |
Norfolk Tides batting - Pitching for Rochester Red Wings : RHP Alex Rushton
|
Batting: SHB Brian Bentz
|
0-0: Ball 1-0: Swinging Strike 1-1: Foul Ball, location: 2F 1-2: Foul Ball, location: 2F 1-2: Strikes out swinging
|
Batting: RHB Bobby Scholl
|
0-0: Ball 1-0: Called Strike 1-1: SINGLE (Groundball, 56D, EV 100.6 MPH)
|
Batting: RHB Kory Sanchez
|
0-0: Called Strike 0-1: SINGLE (Groundball, 56D, EV 101.2 MPH) Bobby Scholl to second
|
Batting: RHB Bobby Melillo
|
0-0: Ball 1-0: Called Strike 1-1: Ball 2-1: Ball 3-1: Foul Ball, location: 2F 3-2: Base on Balls Bobby Scholl to third Kory Sanchez to second
|
Batting: RHB Edgar Franco
|
0-0: Called Strike 0-1: Foul Ball, location: 2F 0-2: Grounds into fielders choice 4-2 (Groundball, 4, EV 83.8 MPH) Kory Sanchez to third Bobby Melillo to second
|
Batting: LHB Pat Shaddock
|
0-0: Foul Ball, location: 2F 0-1: Ball 1-1: Ball 2-1: Swinging Strike 2-2: Ground out 4-3 (Groundball, 4, EV 86.2 MPH)
|
Top of the 9th over - 0 runs, 2 hits, 0 errors, 3 left on base; Norfolk 4 - Rochester 1 |
BOTTOM OF THE 9TH |
Rochester Red Wings batting - Pitching for Norfolk Tides : LHP Eric Bice
|
Pitching: RHP Roger Warren
|
|
Batting: SHB Dan Morataya
|
0-0: Called Strike 0-1: Ball 1-1: Fly out, F7 (Line Drive, 78M, EV 98.8 MPH)
|
Batting: LHB Chris Munguia
|
0-0: Ball 1-0: Ball 2-0: Ball 3-0: Swinging Strike 3-1: Foul Ball, location: 2F 3-2: Base on Balls
|
Batting: RHB Mike Craver
|
0-0: Ball 1-0: Called Strike 1-1: Foul Ball, location: 2F 1-2: Ball 2-2: Strikes out swinging
|
Batting: SHB Manny Molina
|
0-0: Ball 1-0: Foul Ball, location: 2F 1-1: Called Strike 1-2: Ball 2-2: Ball 3-2: Ground out 1-3 (Groundball, 13, EV 75.6 MPH)
|
Bottom of the 9th over - 0 runs, 0 hits, 0 errors, 1 left on base; Norfolk 4 - Rochester 1 |
|